AoeStats
← AxD | Cad Bane

Nomad

510007624Analyzed
4v4 RM · 2d ago on Sep 29, 2026· 26m 57s· 8 players
Game mode
Random Map
Map size
231×231
Population
200
Speed
Normal
Resources
Standard
Victory
Conquest
Starting age
Dark Age
Ending age
Imperial Age
RankedLock teamsTeams togetherTeam positionsShared explorationLock speedFull tech treeHidden civsTurbo modeCheats
Victory
Defeat
🇦🇷 Wu · Argentina
1831
+7
1728
+11
🇨🇳 Mongols · China
1669
+13
🇵🇪 Spanish · Peru
1507
+19
🇨🇱 Varangians · Chile
1662
-15
🇦🇷 Wu · Argentina
1629
-13
🇦🇷 Danes · Argentina
1584
-12
🇦🇷 Italians · Argentina
1535
-10
tim.13
5:48 Loom
13:22 Feudal Age
16:06 Double-Bit Axe
18:37 Castle Age
16:42 Stone Mining
19:18 Wheelbarrow
19:10 Fletching
21:06 Gold Mining
22:30 Gold Shaft Mining
24:30 Ballistics
27:52 Stone Shaft Mining
CTM | Pentrus
4:28 Loom
13:33 Feudal Age
17:00 Castle Age
16:23 Padded Archer Armor
16:37 Double-Bit Axe
19:26 Leather Archer Armor
CTMl cachi
11:05 Loom
13:38 Feudal Age
17:23 Town Watch
20:03 Castle Age
18:43 Double-Bit Axe
21:11 Medium Warships
22:52 Padded Archer Armor
CTM | Lelouch ELO bajito
12:51 Feudal Age
13:32 Loom
17:13 Castle Age
15:19 Double-Bit Axe
17:18 Fletching
18:17 Bow Saw
18:27 Medium Warships
18:13 Bodkin Arrow
19:45 Gold Mining
21:59 Fishing Lines
23:15 Ballistics
24:10 Gillnets
24:34 Careening
24:35 Clinker Construction
AxD | Keiokenkun-Uno-Puro
7:35 Loom
12:56 Feudal Age
17:28 Castle Age
16:28 Scale Mail Armor
17:10 Gold Mining
17:27 Double-Bit Axe
24:26 Bow Saw
AxD | Cad Bane
5:06 Loom
14:58 Feudal Age
16:02 Fishing Lines
19:01 Castle Age
18:03 Double-Bit Axe
18:59 Gold Mining
19:07 Fletching
20:13 Medium Warships
21:37 Bodkin Arrow
24:40 Ballistics
24:47 Careening
Cronos
9:22 Loom
12:35 Feudal Age
15:18 Double-Bit Axe
17:34 Fletching
23:45 Castle Age
22:05 Gold Mining
24:26 Bodkin Arrow
25:09 Medium Warships
AxD | Matrixneitor
5:18 Loom
14:44 Feudal Age
16:21 Double-Bit Axe
19:00 Fishing Lines
23:21 Castle Age
23:09 Fletching
24:58 Bodkin Arrow
Connection lost

Rejoining the realm…

Still unreachable

The connection could not be restored.

Session expired

The server has moved on; the page needs a fresh start.